cohdb
Replays
Latest Replays
All Replays
Popular Replays
Top Player Replays
Match Explorer
How It Works
Community
CoH3 Stats
Reddit
Sign in to upload your games and track your stats! →
Sign in with Steam
Match 42268872
Unlisted
Match 42268872
Overview
Messages
Build Orders
End
Kettenkrad Recon Vehicle
Construct Infanterie Kompanie
MG 42 Machine Gun Team
Grenadier Squad
Selects Terror Battlegroup
Selects Machine Gun Camouflage
GrW 34 Mortar Team
Construct Panzergrenadier Kompanie
Medical Station
Pak 40 Anti-tank Gun Team
Panzergrenadier Squad
Selects Contempt for the Weak
Panzergrenadier Squad
Construct Panzer Kompanie
Selects Jericho Trumpet
Sturmpanzer IV Brummbär
Jericho Trumpet
Panzer IV Medium Tank
Side Skirts
Panzer Officer Quarters
Pioneer Squad
Panzergrenadier Officer Quarters
Selects Defend the Fatherland
Defend the Fatherland
Sturmpanzer IV Brummbär
Nukepapa
saruman
chaislaya69
Ordena JR
0
0
Comments
sign in to comment!
No comments posted yet!